 Dungeon Crawl Stone Soup version 0.30-a0-824-g6c64550be9 (webtiles) character file.

Game seed: 12004067092361610903

644 Pimp the Trooper (level 7, 0/55 HPs)
             Began as a Demonspawn Berserker on Feb 27, 2023.
             Was a Priest of Trog.
             Killed from afar by Dowan (8 damage)
             ... with a shard of ice
             ... on level 4 of the Dungeon.
             The game lasted 00:04:27 (2673 turns).

Pimp the Trooper (Demonspawn Berserker)             Turns: 2673, Time: 00:04:28

Health: 0/55       AC:  0    Str: 19    XL:     7   Next: 27%
Magic:  7/7        EV: 15    Int:  8    God:    Trog [***...]
Gold:   224        SH:  0    Dex: 13    Spells: 6/6 levels left

rFire   . . .      SeeInvis .    (weapon currently unavailable)
rCold   . . .      Faith    .    (shield currently unavailable)
rNeg    . . .      Spirit   .    (body armour currently unavailable)
rPois   .          Reflect  .    (helmet currently unavailable)
rElec   .          Harm     .    (cloak currently unavailable)
rCorr   .          Rampage  .    (gloves currently unavailable)
Will    .....                    (boots currently unavailable)
Stlth   +                        (no amulet)
HPRegen 0.29/turn                (ring currently unavailable)
MPRegen 0.10/turn                (ring currently unavailable)

@: pig-form (expiring), on berserk cooldown, slowed
A: fast, no casting, small, (hooves 1), (yellow scales 2), demonic magic 1
a: Renounce Religion, Berserk, Trog's Hand


You were on level 4 of the Dungeon.
You worshipped Trog.
Trog was most pleased with you.
You were a filthy swine.
You visited 1 branch of the dungeon, and saw 4 of its levels.

You collected 224 gold pieces.

Inventory:

Hand Weapons
 a - a +0 hand axe (melded)
Armour
 b - a +0 animal skin
 e - a +0 plate armour (melded)
Scrolls
 c - 2 scrolls of identify {unknown}
 f - 2 scrolls of teleportation {unknown}
 g - a scroll of butterflies {unknown}
 h - a scroll of brand weapon {unknown}
 i - a scroll of noise {unknown}
 j - a scroll of immolation {unknown}
 k - a scroll of fog {unknown}
 l - 3 scrolls of enchant weapon {unknown}
 o - a scroll of acquirement {unknown}
Potions
 d - 5 potions of curing {unknown}
 m - 3 potions of lignification {unknown}
 n - a potion of mutation {unknown}


   Skills:
 + Level 4.9 Fighting
 + Level 4.5 Axes
 + Level 3.9 Armour
 + Level 3.9 Dodging


You had 6 spell levels left.
You didn't know any spells.
Your spell library was empty.

Dungeon Overview and Level Annotations

Branches:
Dungeon (4/15)
 Temple: D:4-7

Altars:

Annotations:
D:4 Dowan


Innate Abilities, Weirdness & Mutations

You are a filthy swine.
You move quickly.
Your equipment is almost entirely melded.
You are incapable of wielding weapons or throwing items.
You cannot cast spells.
((You have large cloven feet.))
((You are mostly covered in yellow scales. (AC +3)))
Spells you cast may paralyse adjacent enemies.


Message History

Duvessa is moderately wounded.
You bite Duvessa!
Duvessa is heavily wounded.
Duvessa says, "When magic and the sword combine, nothing stands against them."
Duvessa hits you with a +0 short sword!
You bite Duvessa!
Duvessa is almost dead.
You hit Duvessa.
Duvessa is almost dead.
Duvessa says, "Where magic fails, the sword succeeds!"
Duvessa hits you with a +0 short sword!
You hit Duvessa.
You kill Duvessa!
Trog accepts your kill.
Dowan screams, "No!
No!"
Dowan seems to find hidden reserves of power!
Dowan gestures wildly while chanting.
Dowan blinks!
Dowan casts a spell at you. The shard of ice hits you!!
* * * LOW HITPOINT WARNING * * *
Things that are here:
a +0 short sword; a +0 leather armour; a dark potion You barely miss the worm.
The worm closely misses you.
You bite the worm!
The worm is heavily wounded.
You hit the worm.
The worm is severely wounded.
You are no longer berserk.
You are exhausted.
You feel yourself slow down. Dowan hits you with a +0 dagger.
* * * LOW HITPOINT WARNING * * *
You hit Dowan.
Dowan is lightly wounded.
Your transformation is almost over.
Dowan hits you with a +0 dagger.
* * * LOW HITPOINT WARNING * * *
Dowan casts a spell at you. The shard of ice hits you!
You die...

#........########...##...>.
#........#..........####'##
#........#..........##.....
#........#.................
#....w.e.'.................
#........#.................
#.....)e.#.##..###..#######
#......###w##..######
#......#..h.#....#
#......#..e.#....#
#......#....#....#
#......#....'....#
#......#♣♣.♣♣....#
#......♣♣...♣♣...#
♣♣.....♣♣.## ♣...P...♣♣#
♣._..._.♣


You could see Dowan (fast) and a worm.

Vanquished Creatures
  Sigmund (D:2)
  Duvessa (D:4)
  An ogre (D:4)
  A phantom (D:4)
  A hound (D:4)
  An orc priest (D:3)
  An orc wizard (D:3)
  7 adders
  2 worms
  2 orcs
  8 endoplasms
  A giant cockroach (D:1)
  10 goblins
  11 hobgoblins
  5 quokkas
  4 ball pythons
  4 bats
  2 frilled lizards
  7 kobolds
  A rat (D:3)
71 creatures vanquished.

Notes
Turn   | Place    | Note
-------+----------+-------------------------------------------
     0 | D:1      | Pimp the Demonspawn Berserker began the quest for the Orb.
     0 | D:1      | Reached XP level 1. HP: 18/18 MP: 1/1
   250 | D:1      | Gained mutation: You are partially covered in yellow
                  | scales. (AC +2) [demonic ancestry]
   250 | D:1      | Reached XP level 2. HP: 24/24 MP: 2/2
   547 | D:1      | Reached ** piety under Trog
   709 | D:2      | Gained mutation: Spells you cast may paralyse adjacent
                  | enemies. [demonic ancestry]
   709 | D:2      | Reached XP level 3. HP: 29/29 MP: 3/3
  1023 | D:2      | Noticed Sigmund
  1039 | D:2      | Killed Sigmund
  1040 | D:2      | Reached XP level 4. HP: 20/37 MP: 4/4
  1040 | D:2      | Gained mutation: You have large cloven feet. [demonic
                  | ancestry]
  1040 | D:2      | Reached XP level 5. HP: 24/42 MP: 5/5
  1335 | D:3      | Found a faded altar of an unknown god.
  1716 | D:3      | Reached *** piety under Trog
  1717 | D:3      | Gained mutation: You are mostly covered in yellow scales.
                  | (AC +3) [demonic ancestry]
  1717 | D:3      | Reached XP level 6. HP: 22/48 MP: 6/6
  2441 | D:4      | Reached XP level 7. HP: 11/55 MP: 7/7
  2644 | D:4      | Noticed Duvessa
  2644 | D:4      | Noticed Dowan
  2667 | D:4      | Killed Duvessa
  2673 | D:4      | Killed from afar by Dowan

Illustrated notes

Levels and vault maps discovered:
D:1:      minmay_arrival_split_and_join, layout_basic
D:2:      layout_rooms, uniq_sigmund
D:3:      wander_river, layout_basic, serial_aquarium, aquarium_bridge_square
          [aquarium_subvault_wall, aquarium_subvault_wall,
          aquarium_subvault_bridge, aquarium_subvault_wall],
          aquarium_bridge_square [aquarium_subvault_bridge,
          aquarium_subvault_balcony, aquarium_subvault_wall,
          aquarium_subvault_bridge], aquarium_window_fake, aquarium_window_fake,
          aquarium_window_corner, aquarium_view_2a, aquarium_balcony_double_4,
          aquarium_pool_2, hellmonk_ecumenical_altar_crossroads, feat_on_display
D:4:      layout_gridville, good_gods_temple_1, mainiacjoe_overflow_catwalk,
          grunt_ministairs_8, minmay_misc_feat_rows, uniq_duvessa

Skill      XL: |  1  2  3  4  5  6 |
---------------+-------------------+-----
Armour         | 2 3 |  3.9
Dodging        | 2 3 |  3.9
Axes           | 3 4 |  4.5
Fighting       | 4 |  4.9

Action                     |  1- 3 |  4- 6 |  7- 9 || total
---------------------------+-------+-------+-------++-------
  Melee: Hand axe          |   110 |   103 |    13 ||   226
         Punch             |     1 |     2 |       ||     3
         Kick              |       |    29 |     3 ||    32
         Unarmed           |       |       |    11 ||    11
 Invoke: Berserk           |     1 |     2 |     1 ||     4
 Armour: Animal skin       |     9 |       |       ||     9
         Plate armour      |    60 |    66 |     5 ||   131
  Dodge: Dodged            |    55 |    29 |    11 ||    95

Table legend: (Time is in decaauts)
 A = Elapsed time spent in this place.
 B = Non-inter-level travel time spent in this place.
 C = Inter-level travel time spent in this place.
 D = Time resting spent in this place.
 E = Time spent auto-exploring this place.
 F = Levels seen in this place.
 G = Mean time per level.
                   A        B        C        D        E       F      G
               +--------+--------+--------+--------+--------+-----+--------+
         Total |   2730 |   2678 |     52 |    269 |   1801 |   4 |  682.5 |
       Dungeon |   2730 |   2678 |     52 |    269 |   1801 |   4 |  682.5 |
               +--------+--------+--------+--------+--------+-----+--------+

Top non-repeatable levels by time:
     D:3: 919 daAuts
     D:1: 691 daAuts
     D:2: 575 daAuts
     D:4: 543 daAuts
